 Dungeon Crawl Stone Soup version 0.26.0-15-gc6cd9f700b (webtiles) character file.

Game seed: 2781514915510084630

124 Acheron the Grave Robber (level 4, -2/40 HPs)
             Began as a Troll Necromancer on Jan 16, 2021.
             Slain by an orc
             ... wielding a +1 whip of electrocution
              (9 damage)
             ... on level 4 of the Dungeon.
             The game lasted 00:09:08 (2111 turns).

Acheron the Grave Robber (Troll Necromancer)        Turns: 2111, Time: 00:09:08

Health: -2/40      AC:  6    Str: 16    XL:     4   Next: 81%
Magic:  5/5        EV: 10    Int: 11    God:
Gold:   131        SH:  0    Dex: 11    Spells: 4/6 levels left

rFire    . . .     SeeInvis .     - Unarmed
rCold    . . .     Faith    .   (no shield)
rNeg     . . .     Spirit   .   a - +0 robe
rPois    .         Reflect  .   (helmet restricted)
rElec    .         Harm     .   (no cloak)
rCorr    .         Rampage  .   (gloves unavailable)
Will     .....                  (boots unavailable)
Stlth    ++........             (no amulet)
HPRegen  0.53/turn              (no ring)
MPRegen  0.09/turn              (no ring)

@: no status effects
A: large, unfitting armour, claws 3, regeneration 1, shaggy fur 1, tough skin 3
a: no special abilities


You were on level 4 of the Dungeon.
You visited 1 branch of the dungeon, and saw 4 of its levels.

You collected 131 gold pieces.

Inventory:

Hand Weapons
 k - a +0 rapier
 t - a +0 war axe
Missiles
 m - 2 throwing nets
 o - 19 poisoned darts (quivered)
 r - 6 boomerangs of dispersal
Armour
 a - a +0 robe (worn)
Wands
 n - a wand of enslavement (9)
Scrolls
 b - a scroll of random uselessness {unknown}
 d - a scroll of amnesia {unknown}
 f - 3 scrolls of identify {unknown}
 h - 4 scrolls of remove curse {unknown}
 j - 2 scrolls of blinking {unknown}
 q - a scroll of enchant armour {unknown}
 s - a scroll of teleportation {unknown}
Potions
 c - a potion of might {unknown}
 e - 2 potions of resistance {unknown}
 g - a potion of invisibility {unknown}
 i - a potion of degeneration {unknown}
 l - a potion of curing {unknown}
 p - a potion of heal wounds {unknown}


   Skills:
 * Level 0.7 Fighting
 * Level 2.1 Dodging
 * Level 1.4 Stealth
 * Level 1.8 Unarmed Combat
 * Level 1.7 Spellcasting
 * Level 3.7 Necromancy


You had 4 spell levels left.
You knew the following spells:

 Your Spells              Type           Power        Failure   Level
a - Pain                  Necr           36%          6%          1
b - Animate Skeleton      Necr           18%          6%          1

Your spell library contained the following spells:

 Spells                   Type           Power        Failure   Level
 Vampiric Draining        Necr           4%           19%         3
 Animate Dead             Necr           4%           54%         4
 Agony                    Necr           9%           87%         5


Dungeon Overview and Level Annotations

Branches:
Dungeon (4/15)
 Temple: D:4-7

Altars:
The Shining One

Annotations:
D:4 1 runed translucent door, Phong's ghost, amateur OpEE


Innate Abilities, Weirdness & Mutations

You are too large for most types of armour.
You have claws for hands.
Your natural rate of healing is unusually fast.
You are covered in fur. (AC +1)
You have extremely tough skin. (AC +3)


Message History

You barely miss the orc. The orc hits you but does no damage.
You barely miss the orc. The orc hits you. The orc hits you but does no damage.
You scratch the orc.
The orc is moderately wounded.
The orc hits you. The orc barely misses you.
You claw the orc!
You kill the orc!
The orc throws a boomerang.
The boomerang barely misses you.
The weapon returns to the orc!
The orc hits you but does no damage.
You are electrocuted!!
The orc hits you with a +0 dagger.
You claw the orc!
You kill the orc!
The orc hits you with a +1 whip of electrocution.
You closely miss the orc. Your claw misses the orc.
The orc hits you but does no damage.
The orc hits you with a +1 whip of electrocution.
* * * LOW HITPOINT WARNING * * *
You are electrocuted!
You die...

.....## ##..##
....##...##..##
...##..#..##..###
..##. #.#..##...###
### #._.# ###...#
..##..#.#.. #...#.#
...##..#..##..##..#
....##...+#..# #.##
.....## #..# #@#
......###..# #oo#
####+..#..# #.## .#
#.#.#.# #.
.###.#...## ..
............ ..#
####.#..#.## ##
.....####.# .....#
#


You could see 2 orcs.

Vanquished Creatures
  4 adders
  A white imp (D:2)
  An ooze (D:1)
  A worm (D:3)
  A dart slug (D:1)
  4 leopard geckos
  6 orcs
  4 giant cockroaches
  7 goblins
  7 hobgoblins
  7 kobolds
  A ball python (D:1)
  8 bats
  3 frilled lizards (D:1)
  5 rats
60 creatures vanquished.

Vanquished Creatures (collateral kills)
  A kobold (D:1)
1 creature vanquished.

Grand Total: 61 creatures vanquished

Notes
Turn   | Place    | Note
-------+----------+-------------------------------------------
     0 | D:1      | Acheron the Troll Necromancer began the quest for the Orb.
     0 | D:1      | Reached XP level 1. HP: 16/16 MP: 1/1
     2 | D:1      | Learned a level 1 spell: Animate Skeleton
   160 | D:1      | Reached XP level 2. HP: 18/24 MP: 3/3
   534 | D:1      | Reached XP level 3. HP: 31/31 MP: 4/4
  1085 | D:2      | Reached skill level 1 in Unarmed Combat
  1213 | D:2      | Reached XP level 4. HP: 38/40 MP: 5/5
  2039 | D:4      | Found a runed translucent door.
  2044 | D:4      | Noticed Phong's ghost (amateur OpEE)
  2071 | D:4      | Found a glowing golden altar of the Shining One.
  2111 | D:4      | Slain by an orc

Illustrated notes

Levels and vault maps discovered:
D:1:      heliophobic_arrival_battle_scene, layout_loops_ring
D:2:      layout_basic, st_stairs_11
D:3:      layout_loops_ring
D:4:      layout_basic, tso_metal_star, ebering_ghost_reflecting_pool

Skill      XL: |  1  2  3 |
---------------+----------+-----
Unarmed Combat | 1 |  1.8
Dodging        | 2 |  2.1
Fighting       | |  0.7
Stealth        | |  1.4
Spellcasting   | |  1.7
Necromancy     | |  3.7

Action                   |  1- 3 |  4- 6 || total
-------------------------+-------+-------++-------
Melee: Unarmed           |   111 |    72 ||   183
       Punch             |     1 |       ||     1
 Cast: Animate Skeleton  |    16 |     6 ||    22
 Stab: Sleeping          |     5 |     1 ||     6
Armor: Robe              |    44 |    27 ||    71
Dodge: Dodged            |    45 |    36 ||    81
